 Dungeon Crawl Stone Soup version 0.29-a0-284-gf9362112df (webtiles) character file.

Game seed: 12077001752772758163

124 spaghetti the Ducker (level 4, 0/34 HPs)
             Began as a Demigod Artificer on Mar 23, 2022.
             Slain by an iguana (11 damage)
             ... on level 3 of the Dungeon.
             The game lasted 00:04:36 (4099 turns).

spaghetti the Ducker (Demigod Artificer)            Turns: 4099, Time: 00:04:37

Health: 0/34       AC:  4    Str: 13    XL:     4   Next: 52%
Magic:  6/6        EV: 13    Int: 13    God:
Gold:   131        SH:  0    Dex: 18    Spells: 3/3 levels left

rFire   . . .      SeeInvis .   r - +2 war axe (vorpal) {axe}
rCold   . . .      Faith    .   (no shield)
rNeg    . . .      Spirit   .   b - +0 leather armour
rPois   .          Reflect  .   (no helmet)
rElec   .          Harm     .   (no cloak)
rCorr   +          Rampage  .   (no gloves)
Will    .....                   k - +0 pair of boots
Stlth   ++........              (no amulet)
HPRegen 0.11/turn               n - +4 ring of slaying
MPRegen 0.10/turn               x - ring of resist corrosion

@: no status effects
A: high MP 1, forlorn, divine attributes
a: no special abilities


You were on level 3 of the Dungeon.
You visited 1 branch of the dungeon, and saw 3 of its levels.

You collected 131 gold pieces.


Innate Abilities, Weirdness & Mutations

You have an increased reservoir of magic. (+10% MP)
You shall have no god before yourself.
Your divine heritage dramatically boosts your attributes as you level up.


   Skills:
 - Level 0.8 Fighting
 - Level 1.7 Armour
 + Level 4.3 Dodging
 - Level 0.8 Stealth
 - Level 2.6 Evocations


You had 3 spell levels left.
You didn't know any spells.
Your spell library contained the following spells:

 Spells                   Type           Power      Damage    Failure   Level
 Confusing Touch          Hex            0%         N/A       75%         3
 Summon Guardian Golem    Hex/Summ       0%         N/A       75%         3
 Yara's Violent Unravell  Hex/Tmut       0%         3d3       100%        5
 Enfeeble                 Hex            0%         N/A       100%        7
 Orb of Destruction       Conj           0%         9d5       100%        7
 Spellforged Servitor     Conj/Summ      0%         N/A       100%        7

Inventory:

Hand Weapons
 a - a +0 club {mace}
 r - a +2 vorpal war axe (weapon) {axe}
   (You took it off a goblin on level 2 of the Dungeon)
Missiles
 f - 2 silver javelins {throwing}
 g - 150 stones (quivered) {throwing}
 y - 6 poisoned darts {throwing}
Armour
 b - a +0 leather armour (worn)
 k - a +0 pair of boots (worn)
   (You found it on level 1 of the Dungeon)
Jewellery
 n - a +4 ring of slaying (left hand)
   (You found it on level 2 of the Dungeon)
 x - a ring of resist corrosion (right hand)
   (You found it on level 3 of the Dungeon)
Wands
 c - a wand of flame (9)
 d - a wand of charming (15)
 e - a wand of iceblast (9)
Scrolls
 j - a scroll of enchant weapon {unknown}
 m - 2 scrolls of holy word {unknown}
 o - a scroll of fear {unknown}
 p - a scroll of identify {unknown}
 q - a scroll of silence {unknown}
 s - a scroll of immolation {unknown}
 t - a scroll of enchant armour {unknown}
 u - a scroll of fog {unknown}
 v - a scroll of blinking {unknown}
Potions
 h - a potion of mutation {unknown}
 i - 2 potions of heal wounds {@q2}
 l - 2 potions of curing {unknown}
 w - 2 potions of degeneration {unknown}

Dungeon Overview and Level Annotations

Branches:
Dungeon (3/15)

Annotations:
D:3 1 transporter

.##.# #.#8P?©. #...# ....#
.#########...# #...# .####
.......# #####...## ....#
.......# #......... .##.# .......
.......... .##.# #....?
#......... .##.# #.#.. #####...##
###.# #.#l# # #...# ###.##
#.#@##.# #...# .....# #.[S...#
#...# ####.####### ###.####
###.## ...#.......# #.# #...#
#........#.# #.##########.#####
#..#..##.#.#####............#....
...#..##..........#####..........
......####.######.# #..#<.#.##.
##.##.####.# #.# #..#..#.##.


You could see an iguana and an adder.


Message History

You see here a book of Misfortune.
You pick up a book of Misfortune and begin reading...
You add the spells Confusing Touch, Yara's Violent Unravelling and Enfeeble to your library.
The quokka barely misses you.
You hit the quokka. The quokka barely misses you.
The quokka closely misses you.
You barely miss the quokka. The quokka barely misses you.
The quokka misses you.
You hit the quokka.
You kill the quokka!
Okay, then.
A goblin comes into view. It is wielding a +0 dagger.
A goblin is nearby!
A goblin is nearby!
A goblin is nearby!
A goblin is nearby!
Found an escape hatch in the ceiling.
You hit the goblin.
You kill the goblin!
A kobold comes into view. It is wielding a +0 dagger.
The kobold shouts!
You see here a +0 dagger {short}.
A kobold is nearby!
A kobold is nearby!
An endoplasm comes into view.
The endoplasm quivers.
The kobold hits you but does no damage.
You hit the kobold.
You kill the kobold!
A ball python comes into view.
The ball python hisses angrily.
You slash the endoplasm!
You kill the endoplasm!
The ball python closely misses you. The ball python barely misses you.
You slash the ball python!
You kill the ball python!
Things that are here:
a +0 dagger {short}; a kobold corpse An endoplasm comes into view.
An endoplasm is nearby!
An endoplasm is nearby!
Found an escape hatch in the floor.
An iguana comes into view.
The endoplasm completely misses you.
The iguana hisses angrily.
You hit the endoplasm.
You kill the endoplasm!
You hit the iguana. The iguana closely misses you. The iguana misses you.
You hit the iguana but do no damage. The iguana barely misses you.
You slash the iguana!
You kill the iguana!
Your Dodging skill increases to level 4!
You see here an iguana corpse.
Key pressed, stopping explore.
A goblin comes into view. It is wielding a +0 club.
A goblin is nearby!
The helpless goblin fails to defend itself.
You slash the goblin!
You kill the goblin!
You see here a +0 club {mace}.
There is an escape hatch in the ceiling here.
Key pressed, stopping explore.
You now have 131 gold pieces (gained 10).
A goblin comes into view. It is wielding a +0 club.
A goblin is nearby!
The goblin shouts!
The goblin hits you with a +0 club. 😕 HP[-3]
You take 3 damage, and now have 31/34 hp.
You slash the goblin!
You kill the goblin!
You see here a +0 club {mace}.
Key pressed, stopping explore.
You see here a +0 club {mace}.
There is a stone staircase leading up here.
A rat comes into view. 😎 HP[+3]
Your hp is fully restored (34).
You barely miss the rat.
An iguana comes into view.
The rat bites you but does no damage.
You slash the rat!
You kill the rat!
You see here a +0 ring mail.
The iguana bites you! 😮 HP[-10]
You take 10 damage, and now have 24/34 hp.
MASSIVE DAMAGE!! (PAUSE)
You hit the iguana. The iguana completely misses you.
An adder comes into view.
You barely miss the iguana. The iguana closely misses you.
The iguana bites you. 😮 HP[-4]
You take 4 damage, and now have 20/34 hp.
You barely miss the iguana. The iguana barely misses you.
The adder hisses angrily.
You slash the iguana! The iguana bites you!
* * * LOW HITPOINT WARNING * * *
The adder barely misses you. The iguana bites you!
You die...

Skill      XL: |  1  2  3  4 |
---------------+-------------+-----
Dodging        | 2 3 4 |  4.3
Fighting       | |  0.8
Armour         | |  1.7
Stealth        | |  0.8
Evocations     | |  2.6

Action                   |  1- 3 |  4- 6 || total
-------------------------+-------+-------++-------
Melee: Club              |   167 |       ||   167
       Punch             |     1 |       ||     1
       War axe           |     3 |    27 ||    30
Throw: Stone             |    92 |       ||    92
Evoke: Wand              |     6 |       ||     6
  Use: Potion            |     1 |       ||     1
 Stab: Sleeping          |     1 |     1 ||     2
Armor: Leather armour    |    56 |     3 ||    59
Dodge: Dodged            |   152 |    28 ||   180

Levels and vault maps discovered:
D:1:      kb_arrival_jail, layout_basic, minmay_close_crescents
D:2:      layout_loops_ring, shapermc_ecumenical_altar_hornbeckon
D:3:      gammafunk_wand_slinger, layout_loops_cross

Notes
Turn   | Place    | Note
-------+----------+-------------------------------------------
     0 | D:1      | spaghetti the Demigod Artificer began the quest for the
                  | Orb.
     0 | D:1      | Reached XP level 1. HP: 15/15 MP: 3/3
     0 | D:1      | magus.rc [v1.9.6]
     2 | D:1      | Noticed a demonspawn
     2 | D:1      | Noticed a draconian
     4 | D:1      | Noticed a felid
     6 | D:1      | Noticed a ghoul
     8 | D:1      | Noticed a troll
     8 | D:1      | Noticed an octopode
    10 | D:1      | Noticed a human
    12 | D:1      | Noticed a tengu
    12 | D:1      | Noticed a dwarf
    14 | D:1      | Noticed a formicid
    16 | D:1      | Noticed a gargoyle
    16 | D:1      | Noticed an elf
    18 | D:1      | Noticed a minotaur
    18 | D:1      | Noticed an ogre
    20 | D:1      | Noticed a demigod
    20 | D:1      | Noticed a spriggan
    22 | D:1      | Noticed a merfolk
    22 | D:1      | Noticed a vine stalker
    24 | D:1      | Noticed a vampire
    26 | D:1      | Noticed a naga
    45 | D:1      | Reached skill level 1 in Dodging
    58 | D:1      | HP: 3/15 [hobgoblin (2)]
    65 | D:1      | HP: 2/15 [frilled lizard (1)]
   687 | D:1      | Reached skill level 2 in Dodging
   687 | D:1      | Reached XP level 2. HP: 20/22 MP: 4/4
  1370 | D:1      | HP: 5/22 [frozen (5)]
  2167 | D:2      | Reached XP level 3. HP: 19/27 MP: 5/5
  2301 | D:2      | You pick up a book of Dangerous Friends and begin
                  | reading...
  2301 | D:2      | You add the spells Summon Guardian Golem, Orb of
                  | Destruction and Spellforged Servitor to your library.
  2396 | D:2      | Reached skill level 3 in Dodging
  3430 | D:2      | Reached XP level 4. HP: 28/34 MP: 6/6
  3667 | D:3      | Found a transporter.
  3899 | D:3      | You pick up a book of Misfortune and begin reading...
  3899 | D:3      | You add the spells Confusing Touch, Yara's Violent
                  | Unravelling and Enfeeble to your library.
  3935 | D:3      | Reached skill level 4 in Dodging
  4099 | D:3      | Slain by an iguana

Vanquished Creatures
  An iguana (D:3)
  2 adders (D:2)
  2 worms (D:2)
  A dart slug (D:2)
  6 ball pythons
  6 bats
  11 endoplasms
  2 giant cockroaches
  11 goblins
  6 hobgoblins
  6 kobolds
  3 quokkas
  2 frilled lizards
  7 rats
66 creatures vanquished.

Table legend:
 A = Non-vault XP
 B = Vault XP
 C = Vault XP percentage of total XP
 D = Non-vault monster count
 E = Vault monster count
 F = Vault count percentage of total count
                 A         B        C        D         E       F
            +---------+---------+-------+---------+---------+-------
      Total |     178 |       0 |   0.0 |      66 |       0 |   0.0
            +---------+---------+-------+---------+---------+-------
        D:1 |      42 |       0 |   0.0 |      27 |       0 |   0.0
        D:2 |      75 |       0 |   0.0 |      25 |       0 |   0.0
        D:3 |      61 |       0 |   0.0 |      14 |       0 |   0.0
            +---------+---------+-------+---------+---------+-------

Illustrated notes

Table legend:
 A = Kills in this place as a percentage of kills in entire the game.
 B = Kills by you in this place as a percentage of kills by you in the entire game.
 C = Kills by friends in this place as a percentage of kills by friends in the entire game.
 D = Other kills in this place as a percentage of other kills in the entire game.
 E = Experience gained in this place as a percentage of experience gained in the entire game.
 F = Experience gained in this place divided by the number of levels of this place that you have seen.
                   A       B       C       D       E      F
               +-------+-------+-------+-------+-------+----------------------
         Total | 100.0 | 100.0 |   N/A |   N/A | 100.0 |  59.3
       Dungeon | 100.0 | 100.0 |   N/A |   N/A | 100.0 |  59.3
               +-------+-------+-------+-------+-------+----------------------

Table legend: (Time is in decaauts)
 A = Elapsed time spent in this place.
 B = Non-inter-level travel time spent in this place.
 C = Inter-level travel time spent in this place.
 D = Time resting spent in this place.
 E = Time spent auto-exploring this place.
 F = Levels seen in this place.
 G = Mean time per level.
                   A        B        C        D        E       F      G
               +--------+--------+--------+--------+--------+-----+--------+
         Total |   4176 |   4104 |     72 |    711 |   2784 |   3 | 1392.0 |
       Dungeon |   4176 |   4104 |     72 |    711 |   2784 |   3 | 1392.0 |
               +--------+--------+--------+--------+--------+-----+--------+

Top non-repeatable levels by time:
     D:1: 2178 daAuts
     D:2: 1459 daAuts
     D:3: 538 daAuts
